 Dungeon Crawl Stone Soup version 0.29-a0-344-ge2f44be95a (webtiles) character file.

Game seed: 16380834656541882798

126 Morbidden the Skirmisher (level 4, 0/35 HPs)
             Began as a Demonspawn Fighter on Apr 20, 2022.
             Slain by an orc
             ... wielding a +0 trident
              (2 damage)
             ... on level 3 of the Dungeon.
             The game lasted 00:02:07 (1900 turns).

Morbidden the Skirmisher (Demonspawn Fighter)       Turns: 1900, Time: 00:02:08

Health: 0/35       AC:  9    Str: 16 (17) XL:     4   Next: 84%
Magic:  7/7        EV:  6    Int: 10 (11) God:
Gold:   143        SH: 11    Dex: 11 (12) Spells: 4/7 levels left

rFire   . . .      SeeInvis .   a - +0 war axe
rCold   . . .      Faith    .   i - +0 tower shield
rNeg    . . .      Spirit   .   e - +2 ring mail {rPois}
rPois   +          Reflect  .   (no helmet)
rElec   .          Harm     +   c - scarf {harm}
rCorr   .          Rampage  .   (no gloves)
Will    .....                   (no boots)
Stlth   +.........              (no amulet)
HPRegen 0.11/turn               (no ring)
MPRegen 0.10/turn               (no ring)

@: mighty, flying
A: slimy green scales 1
a: no special abilities


You were on level 3 of the Dungeon.
You visited 1 branch of the dungeon, and saw 3 of its levels.

You collected 143 gold pieces.

Inventory:

Hand Weapons
 a - a +0 war axe (weapon)
Armour
 c - a scarf of harm (worn)
 e - a +2 ring mail of poison resistance (worn)
 i - a +0 tower shield (worn)
Jewellery
 k - a ring of wizardry
Scrolls
 b - 3 scrolls of identify {unknown}
 m - a scroll of silence {unknown}
Potions
 f - a potion of degeneration
 j - a potion of haste {unknown}
 l - a potion of invisibility {unknown}
 n - a potion of curing


   Skills:
 * Level 3.3 Fighting
 * Level 2.7 Axes
 + Level 3.0 Armour
 * Level 0.9 Dodging
 + Level 2.9 Shields
 * Level 2.1 Spellcasting
 * Level 0.3 Conjurations
 * Level 0.3 Earth Magic


You had 4 spell levels left.
You knew the following spells:

 Your Spells              Type           Power      Damage    Failure   Level
a - Stone Arrow           Conj/Erth      2%         3d7       100%        3

Your spell library contained the following spells:

 Spells                   Type           Power      Damage    Failure   Level
 Corpse Rot               Necr/Air       2%         N/A       100%        2
 Poisonous Vapours        Pois/Air       2%         N/A       100%        2
 Animate Armour           Summ/Erth      2%         N/A       100%        4
 Lehudib's Crystal Spear  Conj/Erth      0%         10d2      100%        8


Dungeon Overview and Level Annotations

Branches:
Dungeon (3/15)

Altars:


Innate Abilities, Weirdness & Mutations

You are partially covered in slimy green scales. (AC +2)


Message History

You block Robin's attack.
Unknown command.
You closely miss Robin. You block the orc's attack.
Robin hits you with a +0 short sword.
* * * LOW HITPOINT WARNING * * *
The orc hits you from afar with a +0 trident.
* * * LOW HITPOINT WARNING * * *
Robin hits you but does no damage.
Unknown command.
You slash Robin!
You kill Robin!
The orc barely misses you.
The hobgoblin hits you but does no damage.
The orc barely misses you.
You feel your intelligence returning.
Unknown command.
You barely miss the hobgoblin. The hobgoblin barely misses you.
The orc barely misses you.
The orc hits you from afar with a +0 trident.
* * * LOW HITPOINT WARNING * * *
You block the hobgoblin's attack.
Unknown command.
Unknown command.
You hit the hobgoblin.
You kill the hobgoblin!
You block the orc's attack.
Unknown command.
You barely miss the orc.
The goblin no longer looks unusually strong.
The orc completely misses you. The orc closely misses you.
The orc hits you with a +0 club.
* * * LOW HITPOINT WARNING * * *
You block the orc's attack.
Unknown command.
Unknown command.
You slash the orc!
You kill the orc!
You block the orc's attack. You block the goblin's attack.
The orc hits you from afar with a +0 trident.
You die...

#### ### #.. ... #.# #.#
.#########.# #.#
......)@gow# #.#
.########og###########..
#####...............
.g..g.))).########....
..#####.#.# #.##. #.#.#
#.##. .go.# #.##. ##....
#.##. #.... #.##.


You could see a worm, 2 orcs and 2 goblins.

Vanquished Creatures
  Jessica (D:3)
  An orc wizard (D:3)
  Robin (D:3)
  An adder (D:3)
  A worm (D:2)
  An orc (D:3)
  A ball python (D:2)
  6 endoplasms
  4 giant cockroaches
  11 goblins
  6 hobgoblins
  4 kobolds
  6 bats
  2 frilled lizards
  5 rats
51 creatures vanquished.

Notes
Turn   | Place    | Note
-------+----------+-------------------------------------------
     0 | D:1      | Morbidden the Demonspawn Fighter began the quest for the
                  | Orb.
     0 | D:1      | Reached XP level 1. HP: 18/18 MP: 1/1
   282 | D:1      | Gained mutation: You are partially covered in slimy green
                  | scales. (AC +2) [demonic ancestry]
   282 | D:1      | Reached XP level 2. HP: 18/24 MP: 2/2
  1089 | D:2      | Reached XP level 3. HP: 12/29 MP: 3/3
  1806 | D:3      | Learned a level 3 spell: Stone Arrow
  1817 | D:3      | Reached skill level 1 in Spellcasting
  1864 | D:3      | Noticed Robin
  1868 | D:3      | Noticed Jessica
  1873 | D:3      | Killed Jessica
  1874 | D:3      | Reached XP level 4. HP: 21/35 MP: 4/6
  1896 | D:3      | Killed Robin
  1900 | D:3      | Slain by an orc

Illustrated notes

Levels and vault maps discovered:
D:1:      erik_arrival_triangle_small, layout_loops_ring, st_stairs_9,
          serial_bayou_crossing
D:2:      layout_rooms
D:3:      layout_loops_ring, gammafunk_ghost_smash, minmay_bisected,
          uniq_jessica, uniq_robin

Skill      XL: |  1  2  3  4 |
---------------+-------------+-----
Axes           | 2 |  2.7
Armour         | 3 |  3.0
Spellcasting   | 1 2 |  2.1
Fighting       | |  3.3
Dodging        | |  0.9
Shields        | |  2.9
Conjurations   | |  0.3
Earth Magic    | |  0.3

Action                   |  1- 3 |  4- 6 || total
-------------------------+-------+-------++-------
Melee: War axe           |   122 |    20 ||   142
  Use: Potion            |       |     5 ||     5
Armor: Ring mail         |    88 |    17 ||   105
       Scale mail        |     1 |       ||     1
Dodge: Dodged            |    51 |    18 ||    69
Block: Buckler           |    18 |       ||    18
       Tower shield      |    63 |    25 ||    88

Table legend: (Time is in decaauts)
 A = Elapsed time spent in this place.
 B = Non-inter-level travel time spent in this place.
 C = Inter-level travel time spent in this place.
 D = Time resting spent in this place.
 E = Time spent auto-exploring this place.
 F = Levels seen in this place.
 G = Mean time per level.
                   A        B        C        D        E       F      G
               +--------+--------+--------+--------+--------+-----+--------+
         Total |   2003 |   1899 |    104 |      0 |   1460 |   3 |  667.7 |
       Dungeon |   2003 |   1899 |    104 |      0 |   1460 |   3 |  667.7 |
               +--------+--------+--------+--------+--------+-----+--------+

Top non-repeatable levels by time:
     D:1: 953 daAuts
     D:2: 777 daAuts
     D:3: 273 daAuts
